 Dungeon Crawl Stone Soup version 0.32-a0-938-g40ac7a0 (webtiles) character file.

Game seed: 12129098777467820324

168880 kiwi77 the Marksdemigod (level 16, -10/130 (150) HPs)
             Began as a Demigod Hunter on Apr 20, 2024.
             Mangled by a +0 battleaxe of pain (21 damage)
             ... on level 1 of the Elven Halls.
             The game lasted 01:29:20 (24695 turns).

kiwi77 the Marksdemigod (Demigod Hunter)           Turns: 24695, Time: 01:29:20

HP:   -10/130 (150) AC: 20    Str: 15    XL:     16   Next: 79%
MP:   19/19         EV: 26    Int: 16    God:
Gold: 3245          SH: 19    Dex: 40    Spells: 14/15 levels left

rFire   + + +        q - +4 sling of Qobrumiy {drain, rElec rF+ Int+2 Dex+3}
rCold   + + .        N - +1 kite shield of the Divine Wumpus {rC+ Str+3}
rNeg    . . .        y - +2 leather armour {Will+}
rPois   .            I - +1 helmet of Awe {+Inv rF+++ Stlth-}
rElec   +            V - +2 cloak {rC+}
rCorr   +            i - +2 pair of gloves
SInv    +            s - +1 pair of boots
Will    +++++        z - amulet of Goemagavy {rF+ Will+ Regen+ rCorr}
Stlth   ++           T - ring of see invisible
HPRegen 1.21/turn    k - ring "Niol" {rElec rF+ Will++ rCorr Int+3}
MPRegen 0.16/turn

%: clarity
@: studying Ice Magic, heavily drained
A: high MP 1, forlorn, divine attributes, iridescent scales 1, clarity, subdued
magic 1
a: Evoke Invisibility


You were on level 1 of the Elven Halls.
You visited 4 branches of the dungeon, and saw 24 of its levels.
You also visited: Ice Cave.

You collected 3245 gold pieces.

Inventory:

Hand Weapons
 q - the +4 sling of Qobrumiy (weapon) {drain, rElec rF+ Int+2 Dex+3}
   (You found it on level 4 of the Dungeon)

   Int+2:     It affects your intelligence (+2).
   Dex+3:     It affects your dexterity (+3).
   rF+:       It protects you from fire.
   rElec:     It insulates you from electricity.
Missiles
 d - 51 poisoned darts
 K - 3 silver javelins (quivered)
 L - 2 curare-tipped darts
 X - a throwing net
Armour
 i - a +2 pair of gloves (worn)
 p - an orb of energy
 s - a +1 pair of boots (worn)
 y - a +2 leather armour of willpower (worn)
 I - the +1 helmet of Awe (worn) {+Inv rF+++ Stlth-}
   (You acquired it on level 11 of the Dungeon)

   rF+++:     It renders you almost immune to fire.
   +Inv:      It lets you turn invisible.
   Stlth-:    It makes you less stealthy.
 N - the +1 kite shield of the Divine Wumpus (worn) {rC+ Str+3}
   (You acquired it on level 11 of the Dungeon)

   Str+3:     It affects your strength (+3).
   rC+:       It protects you from cold.
 V - a +2 cloak of cold resistance (worn)
Jewellery
 k - the ring "Niol" (right hand) {rElec rF+ Will++ rCorr Int+3}
   (You found it on level 3 of the Lair of Beasts)

   [ring of protection from fire]

   Int+3:     It affects your intelligence (+3).
   rF+:       It protects you from fire.
   rElec:     It insulates you from electricity.
   Will++:    It greatly increases your willpower.
   rCorr:     It protects you from acid and corrosion.
 z - the amulet of Goemagavy (around neck) {rF+ Will+ Regen+ rCorr}
   (You acquired it on level 7 of the Dungeon)

   [amulet of regeneration]

   rF+:       It protects you from fire.
   Will+:     It increases your willpower.
   Regen+:    It increases your rate of health regeneration.
   rCorr:     It protects you from acid and corrosion.
 E - an amulet of reflection
 H - a +4 ring of slaying
 P - a ring of poison resistance
 T - a ring of see invisible (left hand)
Wands
 b - a wand of mindburst (13)
 j - a wand of digging (16)
 n - a wand of iceblast (16)
 t - a wand of quicksilver (9)
 D - a wand of flame (25)
 Z - a wand of polymorph (7)
Scrolls
 e - a scroll of summoning
 g - 9 scrolls of identify
 h - a scroll of torment
 m - 3 scrolls of immolation
 w - 3 scrolls of fog
 A - 3 scrolls of poison
 B - 3 scrolls of teleportation
 W - 2 scrolls of blinking
Potions
 a - 3 potions of might
 c - a potion of mutation
 f - 12 potions of curing
 l - 3 potions of magic
 o - 5 potions of brilliance
 v - 10 potions of ambrosia
 G - 3 potions of resistance
 J - 3 potions of cancellation
 M - a potion of enlightenment
 O - 2 potions of haste
 U - a potion of invisibility
 Y - a potion of lignification
Miscellaneous
 r - a condenser vane
 Q - a Gell's gravitambourine (2/2)


   Skills:
 * Level 15.7 Fighting
 + Level 16.1 Ranged Weapons
 * Level 10.6 Armour
 * Level 11.5 Dodging
 - Level 0.8 Stealth
 * Level 12.9 Shields
 - Level 0.4 Evocations


You had 14 spell levels left.
You knew the following spells:

 Your Spells              Type           Power      Damage    Failure   Level
a - Apportation           Tloc           0%         N/A       45%         1

Your spell library contained the following spells:

 Spells                   Type           Power      Damage    Failure   Level
 Kiss of Death            Conj/Necr      0%         2d5       45%         1
 Magic Dart               Conj           0%         1d3       45%         1
 Necrotise                Necr           0%         1d4       45%         1
 Shock                    Conj/Air       0%         1d3       45%         1
 Sting                    Conj/Alch      0%         1d3       45%         1
 Summon Small Mammal      Summ           0%         N/A       45%         1
 Cigotuvi's Dreadful Rot  Necr/Alch/Air  0%         N/A       61%         2
 Ensorcelled Hibernation  Hex/Ice        0%         N/A       61%         2
 Scorch                   Fire           0%         2d5       61%         2
 Searing Ray              Conj           0%         2d4       61%         2
 Sublimation of Blood     Necr           0%         N/A       61%         2
 Confusing Touch          Hex            0%         N/A       83%         3
 Frozen Ramparts          Ice            0%         1d1       83%         3
 Fugue of the Fallen      Necr           0%         N/A       83%         3
 Hailstorm                Conj/Ice       0%         3d5       83%         3
 Ozocubu's Armour         Ice            0%         N/A       83%         3
 Sigil of Binding         Hex            0%         N/A       83%         3
 Summon Ice Beast         Ice/Summ       0%         N/A       83%         3
 Swiftness                Air            0%         N/A       83%         3
 Airstrike                Air            0%         2d(0-16)  99%         4
 Anguish                  Hex/Necr       0%         N/A       99%         4
 Cause Fear               Hex            0%         N/A       99%         4
 Dispel Undead            Necr           0%         3d6       99%         4
 Flame Wave               Conj/Fire      0%         2d4       99%         4
 Fulminant Prism          Conj/Alch      0%         3d5       99%         4
 Martyr's Knell           Necr/Summ      0%         N/A       99%         4
 Olgreb's Toxic Radiance  Alch           0%         N/A       99%         4
 Borgnjor's Vile Clutch   Necr/Erth      0%         N/A       100%        5
 Fireball                 Conj/Fire      0%         3d3       100%        5
 Iskenderun's Battlesphe  Conj           0%         2d6       100%        5
 Metabolic Englaciation   Hex/Ice        0%         N/A       100%        5
 Bombard                  Conj/Erth      0%         9d1       100%        6
 Death Channel            Necr           0%         N/A       100%        6
 Permafrost Eruption      Ice/Erth       0%         2x4d1     100%        6
 Sculpt Simulacrum        Ice/Alch       0%         N/A       100%        6
 Summon Cactus Giant      Summ           0%         N/A       100%        6
 Enfeeble                 Hex            0%         N/A       100%        7
 Ozocubu's Refrigeration  Ice            0%         4d7       100%        7
 Spellforged Servitor     Conj/Summ      0%         N/A       100%        7
 Discord                  Hex            0%         N/A       100%        8
 Dragon's Call            Summ           0%         N/A       100%        9


Dungeon Overview and Level Annotations

Branches:
Dungeon (15/15)            Temple (0/1) D:6            Lair (5/5) D:11
 Shoals (0/4) Lair:3       Spider (0/4) Lair:2        Slime (0/5) Lair:5
    Orc (2/2) D:11            Elf (2/3) Orc:2        Vaults (0/5) D:13
 Depths (0/4) D:15          IceCv (visited)

Shops:
D:1 [   D:2 (   Orc:1 !=?!   Orc:2 (!=*   Elf:1 :   Elf:2 :*

Annotations:
D:9 2 transporters
D:12 3 runed translucent doors, exclusion: orange crystal statue, Qirhin's ghost, journeyman KoEn
D:14 Roxanne
Lair:2 1 runed translucent door, Syibryhadu's ghost, journeyman TrSh


Innate Abilities, Weirdness & Mutations

You have an increased reservoir of magic. (+10% MP)
You shall have no god before yourself.
Your divine heritage dramatically boosts your attributes as you level up.
You are partially covered in iridescent scales. (AC +2)
You possess an exceptional clarity of mind.
Your spells are a little easier to cast, but a little less powerful.


Message History

The +2 battleaxe of electrocution hits you!!
* * * LOW HITPOINT WARNING * * *
There is a large open door, spattered with blood here.
You shoot a sling bullet.
The sling bullet hits the +2 battleaxe of electrocution.
The +2 battleaxe of electrocution is lightly damaged.
The +2 battleaxe of electrocution hits you!
* * * LOW HITPOINT WARNING * * *
You shoot a sling bullet.
The sling bullet hits the +2 battleaxe of electrocution!
The +2 battleaxe of electrocution is heavily damaged.
The +2 battleaxe of electrocution completely misses you.
You shoot a sling bullet.
The sling bullet hits the +2 battleaxe of electrocution.
The +2 battleaxe of electrocution is severely damaged.
You block the +2 battleaxe of electrocution's attack.
You shoot a sling bullet.
The sling bullet hits the +2 battleaxe of electrocution.
The +2 battleaxe of electrocution is severely damaged.
The +2 battleaxe of electrocution hits you!!
* * * LOW HITPOINT WARNING * * *
You shoot a sling bullet.
The sling bullet hits the +2 battleaxe of electrocution but does no damage.
The +2 battleaxe of electrocution is severely damaged.
The +2 battleaxe of electrocution hits you.
* * * LOW HITPOINT WARNING * * *
You shoot a sling bullet.
The sling bullet barely misses the +2 battleaxe of electrocution.
The sling bullet hits the +0 battleaxe of pain.
The +0 battleaxe of pain is lightly damaged.
You block the +2 battleaxe of electrocution's attack.
The +2 battleaxe of electrocution misses you.
You shoot a sling bullet.
The sling bullet hits the +2 battleaxe of electrocution!
The +2 battleaxe of electrocution falls from the air.
You shoot a sling bullet.
The sling bullet hits the +0 battleaxe of pain.
The +0 battleaxe of pain is moderately damaged.
The +0 battleaxe of pain hits you!!
You die...

.....# ....##
....########
...'##.....## #########
...#'.......###.......#
'###.........##.......#
.##...........##.....##
.##....)......##.>...#
.##...........'(@...##
.##........[..###[..#
.##....>......# ##.##
'##'.........## #.#
..[##.......'## ###
..####.....##.## ...#
##'######.## ♣..# #.#
##.## ♣♣.# ##'##
##.######


You could see a +0 battleaxe of pain.

Vanquished Creatures
  Nikola (Elf:1)
  Jorgrun (D:14)
  Donald (Elf:1)
  A frost giant (IceCv)
  A deep elf elementalist (Elf:2)
  An orc warlord (Orc:1)
  An ironbound preserver (D:13)
  2 deep elf demonologists
  A deep elf death mage (Elf:1)
  A stone giant (D:14)
  A deep elf annihilator (Elf:2)
  Azrael (Elf:1)
  A fire dragon (D:14)
  An ettin (D:14)
  Josephine (D:11)
  An ogre mage (Orc:1)
  A rakshasa (D:11)
  3 catoblepae
  8 centaur warriors
  11 two-headed ogres
  5 boulder beetles
  2 death knights
  21 dancing weapons
  A two-headed ogre (shapeshifter) (Elf:1)
  7 tengu warriors
  16 death yaks
  A deep troll earth mage (D:14)
  A fire crab (Lair:5)
  Sonja (D:11)
  Urug (Orc:1)
  12 deep elf knights
  A hell knight (D:15)
  3 orc high priests (Orc:2)
  A skyshark (Lair:5)
  10 deep elf archers
  Lodul (D:13)
  2 skeletal warriors
  A deep troll (shapeshifter) (D:14)
  2 spriggan druids (Elf:1)
  An arcanist (D:14)
  6 orc knights
  13 deep elf pyromancers
  2 thermic dynamos (Elf:2)
  A phantasmal warrior (D:14)
  13 deep elf zephyrmancers
  7 orc sorcerers (Orc:2)
  10 manticores
  A wolf spider (Lair:4)
  7 cyclopes
  20 ugly things
  8 kobold blastminers
  Maurice (Orc:1)
  A centaur zombie (D:14)
  An ice statue (IceCv)
  A black mamba (shapeshifter) (D:14)
  A water nymph (shapeshifter) (D:15)
  5 black mambas
  Joseph (D:8)
  10 elephants
  13 cane toads
  3 unseen horrors
  A gargoyle (D:13)
  2 kobold demonologists
  Jeremiah (D:9)
  5 komodo dragons
  A freezing wraith (D:14)
  A rime drake (Lair:3)
  An efreet (D:11)
  A yaktaur (D:14)
  2 tengu conjurers (D:15)
  2 ice devils (D:12)
  Psyche (D:8)
  6 trolls
  A merfolk (shapeshifter) (Elf:1)
  12 polar bears
  A queen bee (Lair:1)
  6 hornets (Lair:5)
  A wind drake (Lair:3)
  5 blink frogs (Lair:4)
  Sigmund (D:5)
  15 slime creatures
  2 air elementals
  12 spriggans (Lair:5)
  2 shadows (D:11)
  3 wyverns
  A wyvern (shapeshifter) (Elf:1)
  A vampire (D:11)
  7 fire elementals (Elf:1)
  11 basilisks
  9 wraiths
  6 water elementals
  41 yaks
  A human (shapeshifter) (D:14)
  6 wargs
  A steam dragon (D:9)
  5 vampire mosquitoes
  6 acid dragons
  9 water moccasins
  A hell hound (Elf:1)
  2 ice beasts
  5 black bears (Lair:5)
  21 orc warriors
  A black bear (shapeshifter) (D:14)
  3 laughing skulls
  18 ogres
  3 boggarts (Lair:5)
  57 wolves
  3 centaurs
  4 kobold brigands
  11 bullfrogs
  3 earth elementals
  3 scorpions
  5 wights
  24 killer bees (Lair:1)
  3 electric eels
  7 howler monkeys
  A hound (D:4)
  15 jellies
  A gnoll bouda (D:7)
  12 orc priests
  A sleepcap (D:6)
  3 iguanas
  A boggart zombie (D:14)
  26 orc wizards
  8 gnolls
  11 adders
  2 shadow imps
  A white imp (D:8)
  2 ufetubi (D:6)
  2 dart slugs
  A ribbon worm (D:5)
  59 orcs
  2 bats
  20 endoplasms
  5 giant cockroaches
  9 goblins
  11 hobgoblins
  2 jackals (D:1)
  2 quokkas
  6 ball pythons
  2 frilled lizards
  18 kobolds
  5 rats
846 creatures vanquished.

Vanquished Creatures (others)
  4 deep elf knights
  An unseen horror (D:11)
  An acid dragon (D:9)
  A boggart (D:14)
  2 orcs (D:11)
9 creatures vanquished.

Grand Total: 855 creatures vanquished

Notes
Turn   | Place    | Note
-------+----------+-------------------------------------------
     0 | D:1      | kiwi77 the Demigod Hunter began the quest for the Orb.
     0 | D:1      | Reached XP level 1. HP: 17/17 MP: 3/3
   111 | D:1      | Found Hifeixa's Armour Boutique.
   314 | D:1      | Reached skill level 4 in Ranged Weapons
   381 | D:1      | Reached XP level 2. HP: 21/24 MP: 4/4
   853 | D:2      | Found Arhear's Antique Weapon Shop.
   879 | D:2      | Reached XP level 3. HP: 29/29 MP: 5/5
  1084 | D:2      | Reached skill level 5 in Ranged Weapons
  1882 | D:3      | Reached XP level 4. HP: 36/36 MP: 6/6
  1948 | D:3      | Identified the +5 spear of the Heart {speed, Int+4 Dex+3}
  1955 | D:3      | Noticed a blizzard demon
  2008 | D:3      | Noticed a smoke demon
  2008 | D:3      | Noticed a hellwing
  2881 | D:4      | Reached skill level 6 in Ranged Weapons
  2881 | D:4      | Reached XP level 5. HP: 41/41 MP: 7/7
  3156 | D:4      | Identified the +4 sling of Qobrumiy {drain, rElec rF+ Int+2
                  | Dex+3}
  3655 | D:5      | Entered Level 5 of the Dungeon
  3811 | D:5      | Noticed Sigmund
  3818 | D:5      | Killed Sigmund
  3819 | D:5      | Reached skill level 7 in Ranged Weapons
  3819 | D:5      | Reached XP level 6. HP: 44/48 MP: 8/8
  3903 | D:5      | Reached skill level 8 in Ranged Weapons
  3903 | D:5      | Reached XP level 7. HP: 53/53 MP: 9/9
  4094 | D:5      | Gained mutation: You are agile. (Dex +4, Str/Int -1)
                  | [potion of mutation]
  4094 | D:5      | Gained mutation: Your health recovers twice as slowly from
                  | being drained. [potion of mutation]
  4095 | D:5      | Lost mutation: You are agile. (Dex +4, Str/Int -1) [potion
                  | of mutation]
  4095 | D:5      | Lost mutation: Your health recovers twice as slowly from
                  | being drained. [potion of mutation]
  4095 | D:5      | Gained mutation: Your spells are a little easier to cast,
                  | but a little less powerful. [potion of mutation]
  4095 | D:5      | Gained mutation: You possess an exceptional clarity of
                  | mind. [potion of mutation]
  4095 | D:5      | Gained mutation: You are partially covered in iridescent
                  | scales. (AC +2) [potion of mutation]
  4995 | D:6      | Found Gelofebb's Assorted Antiques.
  5022 | D:6      | Found a staircase to the Ecumenical Temple.
  5299 | D:7      | Reached skill level 9 in Ranged Weapons
  5758 | D:7      | Reached skill level 1 in Armour
  5758 | D:7      | Reached XP level 8. HP: 53/62 MP: 10/10
  5840 | D:7      | Identified a scroll of acquirement
  5840 | D:7      | Acquired the amulet of Goemagavy {rF+ Will+ Regen+ rCorr}
  6435 | D:8      | Noticed Joseph
  6450 | D:8      | Killed Joseph
  6451 | D:8      | Reached skill level 10 in Ranged Weapons
  6690 | D:8      | Noticed Psyche
  6757 | D:8      | Killed Psyche
  6758 | D:8      | Reached XP level 9. HP: 72/72 MP: 11/11
  6840 | D:9      | Noticed a cyclops
  6843 | D:9      | Noticed a tengu conjurer
  6859 | D:8      | Learned a level 1 spell: Apportation
  6891 | D:9      | Noticed a two-headed ogre
  6922 | D:9      | Noticed a meliai
  6924 | D:9      | a meliai changed into an entropy weaver
  6924 | D:9      | Noticed an entropy weaver (shapeshifter)
  6952 | D:9      | Killed a two-headed ogre
  6953 | D:9      | Reached skill level 5 in Fighting
  6953 | D:9      | Reached skill level 11 in Ranged Weapons
  6976 | D:9      | Noticed an entropy weaver
  6980 | D:9      | an entropy weaver changed into a queen bee
  7239 | D:9      | Noticed Jeremiah
  7254 | D:9      | Killed Jeremiah
  7261 | D:9      | Found a transporter.
  7460 | D:9      | Found a transporter.
  7488 | D:10     | Entered Level 10 of the Dungeon
  7597 | D:10     | Reached XP level 10. HP: 78/83 MP: 13/13
  8427 | D:11     | Found a staircase to the Orcish Mines.
  8431 | D:11     | Acquired the +1 helmet of Awe {+Inv rF+++ Stlth-}
  8627 | D:11     | Noticed a manticore
  8633 | D:11     | Killed a manticore
  8635 | D:11     | Noticed a two-headed ogre
  8688 | D:10     | Killed a two-headed ogre
  8689 | D:10     | Reached skill level 12 in Ranged Weapons
  8689 | D:10     | Reached skill level 5 in Dodging
  8689 | D:10     | Reached skill level 1 in Shields
  8775 | D:11     | Identified the +0 robe of Divine Intervention {rCorr Int+3
                  | Dex+2}
  8787 | D:11     | Reached skill level 5 in Armour
  8807 | D:11     | Found a staircase to the Lair.
  8808 | D:11     | Noticed a death yak
  8808 | D:11     | Noticed a death yak
  8886 | D:10     | Killed a death yak
  8952 | D:10     | Killed a death yak
  8953 | D:10     | Reached XP level 11. HP: 89/92 MP: 14/14
  8971 | D:11     | Noticed Sonja
  9079 | D:11     | Noticed a rakshasa
  9083 | D:11     | Killed Sonja
  9155 | D:11     | Noticed a deep elf pyromancer
  9160 | D:11     | Killed a deep elf pyromancer
  9267 | D:11     | Noticed a two-headed ogre
  9277 | D:11     | Killed a two-headed ogre
  9331 | D:11     | Noticed a boulder beetle
  9333 | D:11     | Noticed a two-headed ogre
  9412 | D:10     | Killed a two-headed ogre
  9413 | D:10     | Reached skill level 13 in Ranged Weapons
  9442 | D:11     | Killed a boulder beetle
  9491 | D:11     | Acquired the +1 kite shield of the Divine Wumpus {rC+
                  | Str+3}
  9569 | D:11     | Killed a rakshasa
  9604 | D:11     | Noticed a centaur warrior
  9606 | D:11     | Noticed a centaur warrior
  9606 | D:11     | Noticed a death knight
  9819 | D:10     | Killed a centaur warrior
  9855 | D:11     | Killed a centaur warrior
  9913 | D:11     | Noticed a boulder beetle
  9916 | D:11     | Noticed a centaur warrior
  9917 | D:11     | Noticed a boulder beetle
  9977 | D:10     | Killed a boulder beetle
 10015 | D:11     | Killed a boulder beetle
 10442 | D:11     | Reached XP level 12. HP: 104/104 MP: 15/15
 10490 | D:12     | Found a runed translucent door.
 10501 | D:12     | Found a runed translucent door.
 10524 | D:12     | Noticed a tengu reaver
 10525 | D:12     | Noticed a lich
 10526 | D:12     | Found a runed translucent door.
 10852 | D:12     | Found a frozen archway.
 10861 | IceCv    | Entered an ice cave
 10914 | IceCv    | Reached skill level 5 in Shields
 11021 | IceCv    | Reached skill level 10 in Fighting
 11039 | IceCv    | Identified the +0 ring mail of Bacuan {-Cast +Inv Dex+8
                  | Stlth-}
 11142 | IceCv    | Reached skill level 14 in Ranged Weapons
 11195 | IceCv    | Identified the orb of Dim Light {guile, Fly rF- rN+ Ice}
 11360 | IceCv    | Noticed a frost giant
 11408 | IceCv    | Killed a frost giant
 11537 | IceCv    | Identified the +2 shortbow "Killer Klown's Regret" {freeze,
                  | rN++ Will+}
 11817 | D:12     | Noticed Qirhin's ghost (journeyman KoEn)
 12091 | D:13     | Reached XP level 13. HP: 114/114 MP: 16/16
 12176 | D:13     | Found a gate to the Vaults.
 12176 | D:13     | Noticed an ironbound preserver
 12219 | D:13     | Killed an ironbound preserver
 12855 | D:14     | Noticed Lodul
 12866 | D:13     | Killed Lodul
 13095 | D:14     | Noticed Roxanne
 13549 | D:14     | Got Ybrous's Elucidation of Ectoplasm
 13894 | D:14     | Reached XP level 14. HP: 119/126 MP: 17/17
 14240 | D:14     | Noticed Jorgrun
 14252 | D:14     | Killed Jorgrun
 14264 | D:15     | Entered Level 15 of the Dungeon
 14621 | D:15     | Reached skill level 15 in Ranged Weapons
 14668 | D:15     | Found a staircase to the Depths.
 14877 | Orc:1    | Entered Level 1 of the Orcish Mines
 14877 | Orc:1    | Noticed Urug
 14886 | Orc:1    | Killed Urug
 14894 | Orc:1    | Noticed Maurice
 14934 | Orc:1    | Killed Maurice
 14959 | Orc:1    | Noticed Josephine
 14999 | D:11     | Killed Josephine
 15176 | Orc:1    | Found Fobrin's Magic Scroll Shoppe.
 15189 | Orc:1    | Found Edexis's Distillery.
 15194 | Orc:1    | Found Anemiamu's Jewellery Boutique.
 15346 | Orc:1    | Found Luufrofi's Distillery.
 15540 | Orc:2    | Entered Level 2 of the Orcish Mines
 15766 | Orc:2    | Found Icuog's Assorted Antiques.
 15852 | Orc:2    | Reached XP level 15. HP: 50/133 MP: 18/18
 15970 | Orc:2    | Reached skill level 10 in Shields
 16148 | Orc:2    | Found a staircase to the Elven Halls.
 16424 | Orc:2    | Reached skill level 10 in Dodging
 16465 | Orc:2    | Found Itemuok's Distillery.
 16472 | Orc:2    | Found Deuzafeg's Antique Weapon Boutique.
 16474 | Orc:2    | Found Zirir's Jewellery Shoppe.
 16593 | Lair:1   | Entered Level 1 of the Lair of Beasts
 17619 | Lair:2   | Found a runed translucent door.
 17619 | Lair:2   | Noticed Syibryhadu's ghost (journeyman TrSh)
 17621 | Lair:2   | Identified the +7 flail of Gallantry {chaos, rPois Int+2
                  | Stlth+}
 17831 | Lair:2   | You fall into a shaft and drop 2 floors!
 18194 | Lair:3   | Identified the +2 trident "Taistra" {elec, *Slow rC+ Str+8
                  | SInv}
 18478 | Lair:2   | Found a hole to the Spider Nest.
 18937 | Lair:3   | Identified the ring "Niol" {rElec rF+ Will++ rCorr Int+3}
 18983 | Lair:3   | Found a staircase to the Shoals.
 20230 | Lair:5   | Entered Level 5 of the Lair of Beasts
 20241 | Lair:5   | Identified the +11 long sword "Ygibocaa" {protect, +Blink
                  | Fly rCorr}
 20400 | Lair:5   | Found a staircase to the Slime Pits.
 21317 | Elf:1    | Entered Level 1 of the Elven Halls
 21348 | Elf:1    | Noticed Azrael
 21371 | Elf:1    | Killed Azrael
 21389 | Elf:1    | Reached skill level 10 in Armour
 21415 | Elf:1    | Reached XP level 16. HP: 121/147 MP: 19/19
 21991 | Elf:1    | Reached skill level 15 in Fighting
 22123 | Elf:1    | Found a transporter.
 22123 | Elf:1    | Found Voexkiso's Book Emporium.
 22144 | Elf:1    | Found a transporter.
 22385 | Elf:1    | Noticed Nikola
 22402 | Elf:1    | Killed Nikola
 22515 | Elf:2    | Noticed Donald
 22566 | Elf:1    | Killed Donald
 22646 | Elf:2    | Noticed a Brimstone Fiend
 22660 | Elf:2    | Noticed a Tzitzimitl
 22910 | Elf:2    | Found Vagik's General Store.
 23148 | Elf:2    | Paralysed by an air elemental for 1 turns
 23215 | Elf:2    | Found a huge runed translucent gate.
 23215 | Elf:2    | Found a huge runed translucent gate.
 23215 | Elf:2    | Found a huge runed translucent gate.
 23216 | Elf:2    | Found a huge runed translucent gate.
 23218 | Elf:2    | Found a huge runed translucent gate.
 23318 | Elf:2    | Reached skill level 16 in Ranged Weapons
 23752 | Elf:2    | Found Dupt's Tremendous Tomes.
 23987 | Elf:2    | HP: 4/149 [+1 vampiric lajatang (24)]
 24406 | Elf:2    | Noticed a deep elf blademaster
 24436 | Elf:2    | HP: 5/145 [deep elf blademaster/+0 rapier (15)]
 24695 | Elf:1    | Mangled by a +0 battleaxe of pain

Illustrated notes

Levels and vault maps discovered:
D:1:      tarquinn_simple_flora_water_a, layout_basic, serial_shops, shop,
          minmay_splitting_lines
D:2:      minmay_general_purpose_star, layout_basic, serial_shops, shop_statue
D:3:      layout_basic, dreamdust_divine_triumvirate,
          lemuel_coloured_pillars_altar, makhleb_altar_promises_db,
          shapermc_ecumenical_altar_mp_urbaneastern, grunt_ministairs_14,
          kennysheep_minor_cross, hangedman_decor_clover_reticule
D:4:      layout_layer_cave, st_stairs_13, saegor_snake_ambush
D:5:      layout_cave_pools, uniq_sigmund
D:6:      layout_gridville, temple_green, serial_shops, shop
D:7:      layout_loops_corners, enter_bailey_3
D:8:      layout_rooms, kennysheep_little_box, ashenzari_altar_1, uniq_psyche,
          uniq_joseph
D:9:      gammafunk_the_bubble [the_bubble_gammafunk_grid], layout_cave_pools,
          kennysheep_cross_room, grunt_ministairs_13,
          kennysheep_generic_room_12, uniq_jeremiah
D:10:     layout_loops_corners, serial_library_hellmonk_h_bend
D:11:     minmay_the_grid_net [minmay_the_grid_empty,
          minmay_the_grid_minigrid_large, minmay_the_grid_mess,
          minmay_the_grid_embedded, minmay_the_grid_minigrid_small_alt,
          minmay_the_grid_prize_four_corners], layout_cave_pods,
          dpeg_lair_monsters, billiards_dpeg, uniq_sonja
D:12:     layout_basic, portal_ice_cave_demonic_guard,
          muffindrake_ghost_dual_entry, minmay_crystal_box
D:13:     layout_basic, skrybe_vaults_entry_preservation
D:14:     lemuel_traditional_vault, layout_irregular_city,
          chequers_serial_rivers_room_b, lemuel_zombie_altar_yredelemnul,
          uniq_jorgrun, uniq_roxanne, uniq_lodul
D:15:     hangedman_depths_entry_civil_slaughter, layout_rooms,
          serial_bayou_ford_a
Lair:1:   layout_cave_pods, nicolae_volcano_entry_hallway, special_room
          [special_room_bee], lemuel_fruit_tree, lemuel_fruit_fields
Lair:2:   layout_cave_pods, dummy_spider_entry, ebering_ghost_xom
Lair:3:   layout_regular_city, minmay_shoals_entry_beasts,
          hangedman_lair_unloving_vines
Lair:4:   lemuel_slime, layout_hall_layers, nicolae_lair_run_with_the_wolves,
          serial_bayou_shore_b
Lair:5:   minmay_lair_end_enchanted_forest, layout_misc_corridors,
          nicolae_slime_entry_slimehenge, serial_bayou_shore_b
Orc:1:    layout_caves, serial_shops, nicolae_shop_peninsula, shop,
          nicolae_shop_industrial_runoff, nicolae_shop_crystal,
          lemuel_statue_altar, mines2_david, uniq_maurice, uniq_josephine,
          uniq_urug
Orc:2:    st_orc_elflike, layout_caves
Elf:1:    eino_elf_arrival_altar, layout_geoelf_octagon, serial_shops,
          nicolae_shop_drivethru, kilobyte_rumbling_trees, uniq_nikola,
          uniq_azrael
Elf:2:    elven_hall_of_blades_hangedman_alternative [grunt_blade_entry_basic],
          layout_onion_city, serial_shops, nicolae_shop_window_shopping,
          nicolae_shop_i_like_big_books, uniq_donald

Skill      XL: |  1  2  3  4  5  6  7  8  9 10 11 12 13 14 15 16 |
---------------+-------------------------------------------------+-----
Ranged Weapons | 4 5 6 7 8 9 10 11 12 13 14 15 16 | 16.1
Fighting       | 2 4 6 7 9 10 12 13 14 15 | 15.7
Dodging        | 2 3 4 5 6 7 8 9 10 11 | 11.5
Armour         | 1 2 4 5 6 7 8 9 10 | 10.6
Shields        | 2 4 6 8 9 11 12 | 12.9
Stealth        | |  0.8
Evocations     | |  0.4

Action                     |  1- 3 |  4- 6 |  7- 9 | 10-12 | 13-15 | 16-18 || total
---------------------------+-------+-------+-------+-------+-------+-------++-------
   Fire: Shortbow          |   113 |    56 |       |       |       |       ||   169
         Sling             |       |    34 |   324 |   835 |  1941 |   703 ||  3837
  Throw: Dart              |       |       |     2 |       |       |       ||     2
         Throwing net      |       |       |       |       |     1 |       ||     1
  Evoke: Wand              |       |     3 |     8 |     7 |       |       ||    18
    Use: Potion            |     5 |     3 |     5 |     3 |     4 |     3 ||    23
         Scroll            |     3 |     4 |     5 |     8 |     3 |       ||    23
 Armour: Leather armour    |    24 |    26 |    82 |       |   204 |   199 ||   535
         Steam dragon scal |       |       |     7 |   283 |   127 |       ||   417
         Skin              |       |       |       |       |    13 |       ||    13
  Dodge: Dodged            |    28 |    30 |    98 |   227 |   630 |   206 ||  1219
  Block: Kite shield       |       |       |       |   299 |  1104 |   376 ||  1779

Table legend: (Time is in decaauts)
 A = Elapsed time spent in this place.
 B = Non-inter-level travel time spent in this place.
 C = Inter-level travel time spent in this place.
 D = Time resting spent in this place.
 E = Time spent auto-exploring this place.
 F = Levels seen in this place.
 G = Mean time per level.
                   A        B        C        D        E       F      G
               +--------+--------+--------+--------+--------+-----+--------+
         Total |  24300 |  23253 |   1047 |   1190 |  15747 |  25 |  972.0 |
       Dungeon |  14229 |  13566 |    663 |    634 |   9495 |  15 |  948.6 |
          Lair |   4536 |   4304 |    232 |      0 |   3462 |   5 |  907.2 |
  Orcish Mines |   1651 |   1523 |    128 |    136 |    897 |   2 |  825.5 |
   Elven Halls |   3113 |   3090 |     23 |    420 |   1559 |   2 | 1556.5 |
      Ice Cave |    770 |    770 |      0 |      0 |    333 |   1 |  770.0 |
               +--------+--------+--------+--------+--------+-----+--------+

Top non-repeatable levels by time:
    D:11: 1898 daAuts
   Elf:2: 1630 daAuts
   Elf:1: 1482 daAuts
     D:4: 1481 daAuts
    D:14: 1353 daAuts
    D:10: 1318 daAuts
   Orc:2: 1124 daAuts
     D:7: 1117 daAuts
  Lair:4: 929 daAuts
     D:2: 919 daAuts
  Lair:2: 914 daAuts
  Lair:5: 898 daAuts
  Lair:3: 897 daAuts
  Lair:1: 896 daAuts
    D:13: 848 daAuts
